 Dungeon Crawl Stone Soup version 0.27.1 (webtiles) character file.

Game seed: 793658252206162469

114 MacCMillion the Digger (level 4, 0/24 HPs)
             Began as a Gargoyle Earth Elementalist on Aug 31, 2021.
             Slain by Pikel (3 damage)
             ... on level 3 of the Dungeon.
             The game lasted 00:10:44 (3403 turns).

MacCMillion the Digger (GrEE)                       Turns: 3403, Time: 00:10:45

Health: 0/24       AC:  5    Str: 11    XL:     4   Next: 98%
Magic:  7/7        EV: 12    Int: 17    God:
Gold:   137        SH:  0    Dex: 10    Spells: 3/7 levels left

rFire    . . .     SeeInvis .   j - +0 whip
rCold    . . .     Faith    .   (no shield)
rNeg     + . .     Spirit   .   b - +0 robe
rPois    ∞         Reflect  .   (no helmet)
rElec    +         Harm     .   (no cloak)
rCorr    .         Rampage  .   (no gloves)
Will     .....                  (no boots)
Stlth    ++........             (no amulet)
HPRegen  0.08/turn              (no ring)
MPRegen  0.10/turn              (no ring)

@: no status effects
A: sickness immunity, AC +3, negative energy resistance 1, electricity
resistance, torment resistance 1, petrification resistance
a: no special abilities


You were on level 3 of the Dungeon.
You visited 1 branch of the dungeon, and saw 4 of its levels.

You collected 137 gold pieces.

Inventory:

Hand Weapons
 j - a +0 whip (weapon)
Missiles
 c - 108 stones
Armour
 b - a +0 robe (worn)
Magical Staves
 i - a staff of death
Scrolls
 d - 4 scrolls of identify {unknown}
 e - a scroll of torment {unknown}
 f - 3 scrolls of amnesia
 h - a scroll of noise {unknown}
 k - 2 scrolls of acquirement {unknown}
 l - a scroll of enchant armour {unknown}
 o - a scroll of fear {unknown}
Potions
 a - 2 potions of flight {unknown}
 g - 2 potions of haste {unknown}
 m - a potion of invisibility {unknown}
 n - a potion of degeneration {unknown}
 p - a potion of heal wounds {unknown}
 q - a potion of brilliance {unknown}
 r - a potion of curing {unknown}


   Skills:
 - Level 1.8 Dodging
 - Level 2.1 Stealth
 - Level 2.0 Spellcasting
 + Level 0.3 Conjurations
 - Level 1.0 Transmutations
 * Level 6.3 Earth Magic


You had 3 spell levels left.
You knew the following spells:

 Your Spells              Type           Power      Damage    Failure   Level
a - Sandblast             Erth           46%        2d11      1%          1
b - Stone Arrow           Conj/Erth      26%        3d8       14%         3

Your spell library contained the following spells:

 Spells                   Type           Power      Damage    Failure   Level
 Passwall                 Tmut/Erth      11%        N/A       6%          2
 Wereblood                Tmut           5%         N/A       19%         2
 Gell's Gravitas          Tloc           0%         N/A       50%         3
 Lesser Beckoning         Tloc           0%         N/A       50%         3
 Teleport Other           Tloc           1%         N/A       50%         3
 Petrify                  Tmut/Erth      14%        N/A       38%         4
 Cause Fear               Hex            0%         N/A       88%         4
 Dragon Form              Tmut           2%         N/A       100%        7
 Summon Hydra             Summ           0%         N/A       100%        7
 Dragon's Call            Summ           0%         N/A       100%        9
 Sublimation of Blood     Necr           Unusable   N/A       N/A         2

Dungeon Overview and Level Annotations

Branches:
Dungeon (4/15)
 Temple: D:4-7

Altars:
Nemelex Xobeh
Zin

Annotations:
D:3 Pikel


Innate Abilities, Weirdness & Mutations

You are immune to sickness and miasma.
Your stone body is resilient. (AC +3)
You are immune to poison.
You resist negative energy. (rN+)
You are resistant to electric shocks. (rElec)
You are resistant to unholy torment.
You are immune to petrification.


Message History

An orc is nearby!
An orc priest comes into view. It is wielding a +0 hand axe.
The orc shouts!
You hear a shout! x6
An orc and an orc wizard come into view.
The orc is wielding a +0 short sword of venom.
Found 10 gold pieces.
The orc wizard moves out of view.
The orc moves out of view.
A lemure comes into view.
The lemure shouts!
You hear a shout! x2
The orc barely misses you.
The orc priest invokes the aid of Beogh against you.
Beogh smites you!
Ouch! That really hurt!
An orc comes into view. It is wielding a +0 trident.
The lemure moves out of view.
You hear a shout!
The orc shouts!
You are too injured to fight recklessly!
Unknown command.
You are too injured to fight recklessly!
The orc priest looks satisfied for a moment.
Pikel the Slaver comes into view.
He is wielding a +1 whip of flaming.
A lemure comes into view.
The lemure shouts!
The lemure moves out of view.
Pikel hits you but does no damage.
A lemure comes into view.
There is a stone staircase leading up here.
Pikel hits you with a +1 whip of flaming!
* * * LOW HITPOINT WARNING * * *
Pikel burns you.
* * * LOW HITPOINT WARNING * * *
You climb upwards.
There is a stone staircase leading down here.
Okay, then.
As you read the scroll labelled JEATOT IGAXIO, it crumbles to dust.
It is a scroll of amnesia.
Really abort (and waste the scroll)?
Okay, then.
Pikel hits you with a +1 whip of flaming.
You die...

...................#########.###
##################.#.>.....#.#
.............# #.#.#####.#.#
.###########.# #.#.# #.#.# .#
#.# #.#.# #.#.# .# ###### #.#
#.#.# #.#.# .# #....# #.#
#.#.#####.#.#
.####....###.#####.#.........#
....'....'......@K.#######.###
....#....###.......# #.#
....#....# #.......# #.#
....#....# #.......# #.#
....#....# #.......# #.#
....#....# #.......# #.###
########## #.......#######...#
#..............##.#
#......#######.##.#


You could see Pikel.

Vanquished Creatures
  A hound skeleton (D:4)
  A gnoll (D:1)
  3 adders
  2 worms
  4 dart slugs
  4 orcs
  5 bats
  5 endoplasms
  3 giant cockroaches (D:1)
  3 goblins
  3 hobgoblins
  3 jackals (D:2)
  6 ball pythons
  2 frilled lizards
  A kobold (D:3)
  5 rats
51 creatures vanquished.

Notes
Turn   | Place    | Note
-------+----------+-------------------------------------------
     0 | D:1      | MacCMillion the Gargoyle Earth Elementalist began the quest
                  | for the Orb.
     0 | D:1      | Reached XP level 1. HP: 10/10 MP: 3/3
   466 | D:1      | Reached skill level 4 in Earth Magic
   466 | D:1      | Reached XP level 2. HP: 15/15 MP: 3/5
   525 | D:1      | Reached skill level 1 in Transmutations
   949 | D:1      | Reached XP level 3. HP: 19/19 MP: 3/6
  1042 | D:1      | Found a faded altar of an unknown god.
  1418 | D:1      | Reached skill level 5 in Earth Magic
  1793 | D:2      | Reached XP level 4. HP: 21/24 MP: 7/7
  2590 | D:3      | Found a sparkling altar of Nemelex Xobeh.
  2816 | D:3      | Reached skill level 6 in Earth Magic
  3059 | D:3      | Learned a level 3 spell: Stone Arrow
  3059 | D:3      | Found a glowing silver altar of Zin.
  3366 | D:4      | Noticed a lemure
  3372 | D:4      | Noticed Pikel
  3373 | D:4      | Noticed a lemure
  3374 | D:4      | Noticed a lemure
  3377 | D:4      | HP: 1/24 [Pikel (2)]
  3403 | D:3      | Slain by Pikel

Illustrated notes

Levels and vault maps discovered:
D:1:      kilobyte_arrival_exit_the_forest, layout_basic,
          chequers_ecumenical_altar_simple_redux
D:2:      layout_rooms
D:3:      layout_basic, nemelex_xobeh_ov_fountains_minmay, lemuel_round_altar
D:4:      layout_loops_ring, uniq_menkaure, uniq_pikel

Skill      XL: |  1  2  3  4 |
---------------+-------------+-----
Earth Magic    | 4 5 6 |  6.3
Transmutations | 1 |  1.0
Dodging        | |  1.8
Stealth        | |  2.1
Spellcasting   | |  2.0
Conjurations   | |  0.3

Action                   |  1- 3 |  4- 6 || total
-------------------------+-------+-------++-------
Melee: Unarmed           |    18 |       ||    18
       Whip              |    67 |    67 ||   134
 Cast: Sandblast         |    22 |    10 ||    32
  Use: Scroll            |       |     1 ||     1
 Stab: Sleeping          |     2 |     1 ||     3
Armor: Robe              |    49 |    18 ||    67
Dodge: Dodged            |    68 |    45 ||   113
